 Dungeon Crawl Stone Soup version 0.24-a0-459-g225fefd530 (webtiles) character file.

Game seed: 10757318761095991745

24107 ivs the Cleaver (level 13, -6/71 HPs)
             Began as a Vine Stalker Fighter on June 29, 2019.
             Was a High Priest of Kikubaaqudgha.
             Mangled by a seven-headed hydra (7 damage)
             ... on level 13 of the Dungeon.
             The game lasted 01:14:31 (6539 turns).

ivs the Cleaver (Vine Stalker Fighter)              Turns: 6539, Time: 01:14:31

Health: -6/71      AC: 15    Str: 17    XL:     13   Next: 11%
Magic:  0/22       EV: 15    Int: 15    God:    Kikubaaqudgha [*****.]
Gold:   394        SH:  0    Dex: 24    Spells: 4/23 levels left

rFire    . . .     SeeInvis +   (no weapon)
rCold    . . .     Gourm    +   (no shield)
rNeg     . . .     Faith    .   P - +3 ring mail of the Ecumenical Temple {Str-5 Int+4 Dex+4}
rPois    .         Spirit   +   z - +3 crown of Dyrovepreva {rElec Int+2 SInv}
rElec    +         Reflect  .   C - +0 cloak
rCorr    .         Harm     .   N - +0 pair of gloves
MR       +....                  u - +0 pair of boots
Stlth    ++........             G - amulet of the gourmand
HPRegen  1.01/turn              (no ring)
MPRegen  0.18/turn              (no ring)

@: agile, about to teleport
A: fangs 3, regeneration 2, magic shield, antimagic bite, no potion heal 3, rot
immunity
a: Receive Corpses, Torment, Renounce Religion


You were on level 13 of the Dungeon.
You worshipped Kikubaaqudgha.
Kikubaaqudgha was extremely pleased with you.
You were very full.

You visited 3 branches of the dungeon, and saw 15 of its levels.
You also visited: Bailey.

You collected 724 gold pieces.
You spent 330 gold pieces at shops.

Inventory:

Hand Weapons
 a - the +8 hand axe of Vasm {pain, rN+ Int+3}
   (You found it on level 4 of the Dungeon)

   In the hands of one skilled in necromantic magic, it inflicts extra damage on
   living creatures.
   It affects your intelligence (+3).
   It protects you from negative energy.
 v - a +1 war axe of flaming
 S - a +0 broad axe
Missiles
 g - 56 poisoned darts
 n - 6 curare-tipped darts (quivered)
 o - 9 atropa-tipped darts
Armour
 c - a +0 shield
 u - a +0 pair of boots (worn)
 z - the +3 crown of Dyrovepreva (worn) {rElec Int+2 SInv}
   (You found it on level 8 of the Dungeon)

   It affects your intelligence (+2).
   It insulates you from electricity.
   It lets you see invisible.
 C - a +0 cloak (worn)
 L - a +0 troll leather armour
 N - a +0 pair of gloves (worn)
 P - the +3 ring mail of the Ecumenical Temple (worn) {Str-5 Int+4 Dex+4}
   (You found it on level 10 of the Dungeon)

   It affects your strength (-5).
   It affects your intelligence (+4).
   It affects your dexterity (+4).
 V - a +1 chain mail of magic resistance
 W - a +2 chain mail of cold resistance
Magical Staves
 q - an uncursed staff of wizardry
Jewellery
 F - an uncursed ring of fire
 G - an amulet of the gourmand (around neck)
 I - an uncursed ring of ice
 Q - an uncursed ring of teleportation
Wands
 t - a wand of acid (1)
 H - a wand of clouds (8)
 K - a wand of digging (7)
Scrolls
 e - 2 scrolls of remove curse
 i - 2 scrolls of enchant weapon
 j - 12 scrolls of teleportation
 s - 3 scrolls of fear
 w - a scroll of summoning
 y - a scroll of fog {unknown}
 A - a scroll of noise
 D - 2 scrolls of magic mapping
 E - a scroll of enchant armour
 J - a scroll of blinking {unknown}
 M - a scroll of amnesia
 O - a scroll of random uselessness {unknown}
 X - 2 scrolls of acquirement {unknown}
Potions
 b - 2 potions of brilliance
 d - a potion of agility
 h - 6 potions of curing
 k - a potion of berserk rage
 l - a potion of cancellation
 m - 3 potions of haste
 p - 3 potions of might
 r - 2 potions of flight
 x - a potion of lignification
 U - a potion of heal wounds {unknown}
Miscellaneous
 B - a phantom mirror
 R - a lamp of fire (inert)
Comestibles
 f - 17 rations


   Skills:
 + Level 9.6 Fighting
 + Level 12.0(12.2) Axes
   Level 3.6(8.7) Maces & Flails
 - Level 1.0 Throwing
 - Level 4.5 Armour
 - Level 2.6 Shields
 + Level 5.9 Spellcasting
 + Level 10.2 Necromancy
 - Level 4.0 Evocations


You had 4 spell levels left.
You knew the following spells:

 Your Spells              Type           Power        Failure   Level  Hunger
a - Animate Dead          Necr           N/A          3%          4    ####...
c - Corpse Rot            Necr           N/A          1%          2    #......
d - Vampiric Draining     Necr           #####.....   1%          3    ###....
u - Dispel Undead         Necr           #####...     11%         5    ######.
y - Agony                 Necr           #####...     11%         5    ######.

Your spell library contained the following spells:

 Spells                   Type           Power        Failure   Level  Hunger
 Animate Skeleton         Necr           N/A          1%          1    None
 Pain                     Necr           ####         1%          1    None
 Sublimation of Blood     Necr           #####.....   1%          2    #......
 Regeneration             Chrm/Necr      ###.......   10%         3    ###....
 Beastly Appendage        Tmut           #.....       26%         1    None
 Sticks to Snakes         Tmut           #.......     36%         2    #......
 Ozocubu's Armour         Chrm/Ice       #.......     61%         3    ###....
 Spectral Weapon          Hex/Chrm       #.......     61%         3    ###....
 Spider Form              Tmut/Pois      #.........   61%         3    ###....
 Ice Form                 Ice/Tmut       #.......     95%         4    ####...
 Bolt of Draining         Conj/Necr      ###.......   65%         5    ######.
 Borgnjor's Vile Clutch   Necr/Erth      ###.......   65%         5    ######.
 Alistair's Intoxication  Tmut/Pois      #.......     100%        5    ######.
 Blade Hands              Tmut           #.........   100%        5    ######.
 Irradiate                Conj/Tmut      #.........   100%        5    ######.


Dungeon Overview and Level Annotations

Branches:
Dungeon (13/15)            Temple (1/1) D:7            Lair (0/6) D:10
    Orc (1/2) D:12
 Vaults: D:13-14

Altars:
Cheibriados
Dithmenos
Elyvilon
Fedhas
Gozag
Kikubaaqudgha
Makhleb
Nemelex Xobeh
Okawaru
Qazlal
Sif Muna
Trog
Vehumet
Wu Jian
Zin
The Shining One
Beogh

Shops:
D:13 :

Annotations:
D:3 Ijyb, Jessica
D:10 1 runed translucent door, exclusion: 4 orange crystal statues


Innate Abilities, Weirdness & Mutations

You have razor-sharp teeth.
You heal very quickly.
When hurt, damage is shared between your health and your magic reserves.
Your bite disrupts and absorbs the magic of your enemies.
Potions cannot restore your health.
You are immune to rotting.


Message History

The seven-headed hydra bites you.
* * * LOW HITPOINT WARNING * * *
The seven-headed hydra bites you!
* * * LOW HITPOINT WARNING * * *
The seven-headed hydra closely misses you.
The seven-headed hydra bites you!
* * * LOW HITPOINT WARNING * * *
The seven-headed hydra barely misses you.
The seven-headed hydra bites you but does no damage.
Unknown command.
You feel agile all of a sudden.
The killer bee stings you but does no damage.
The killer bee stings your jackal zombie.
Your jackal zombie is destroyed!
The killer bee stings you.
* * * LOW HITPOINT WARNING * * *
A killer bee comes into view.
The seven-headed hydra bites you!
You die...
Kikubaaqudgha rasps: "You have failed me!
Welcome... death!"

#........### #.#
#...........## ##..#
#............###y...#
##................#
##.............###
#.............#
##........##.y# ..
#.......####y## ...
#......## #@.# ##y..#
.....# #yD####y....#
...# ##†.#........ ..
#..........#
#..........#
.#######..........#
.......#...........
...................
.............(###..


You could see a seven-headed hydra and 4 killer bees.

Vanquished Creatures
  Jorgrun (D:13)
  Gastronok (D:8)
  An orc warlord (Bailey)
  Erolcha (D:13)
  Harold (D:9)
  3 two-headed ogres
  3 unseen horrors
  2 orc knights (Bailey)
  Pikel (D:8)
  A deep elf mage (D:10)
  A cyclops (D:11)
  A manticore (D:10)
  4 trolls
  5 hippogriffs
  A shadow (D:8)
  2 wyverns (D:9)
  2 wraiths
  6 yaks
  4 vampire mosquitoes (D:12)
  A water moccasin (D:5)
  20 orc warriors
  A phantom (D:12)
  3 ice beasts
  A slave (D:8)
  2 black bears
  3 ogres
  A hornet zombie (D:12)
  3 sky beasts
  A necrophage (D:10)
  2 wolves (D:8)
  A crocodile (D:10)
  7 centaurs
  A big kobold (D:11)
  5 bullfrogs
  2 wyvern zombies
  4 scorpions
  A wyvern skeleton (D:13)
  12 killer bees
  14 wights
  2 howler monkeys
  5 crimson imps
  2 bullfrog zombies
  2 hounds
  5 bullfrog skeletons
  5 jellies
  9 orc priests
  4 centaur skeletons
  3 iguanas
  9 orc wizards
  11 worker ants
  A killer bee zombie (D:5)
  A centaur simulacrum (D:10)
  2 howler monkey zombies
  13 gnolls
  11 adders
  6 shadow imps
  An ooze (D:5)
  5 adder skeletons
  2 worms
  4 leopard geckos
  63 orcs
  4 giant cockroaches
  22 goblins
  22 hobgoblins
  8 jackals
  5 quokkas
  4 ball pythons
  A bat (D:1)
  3 frilled lizards (D:1)
  A jackal skeleton (D:6)
  10 kobolds
  A quokka skeleton (D:4)
  A quokka zombie (D:6)
  6 rats
380 creatures vanquished.

Vanquished Creatures (collateral kills)
  An orc warrior (Bailey)
1 creature vanquished.

Grand Total: 381 creatures vanquished

Notes
Turn   | Place    | Note
-------+----------+-------------------------------------------
     0 | D:1      | ivs the Vine Stalker Fighter began the quest for the Orb.
     0 | D:1      | Reached XP level 1. HP: 11/11 MP: 2/2
   128 | D:1      | Reached XP level 2. HP: 16/16 MP: 3/3
   267 | D:2      | Reached XP level 3. HP: 5/20 MP: 1/4
   280 | D:2      | Reached skill level 1 in Throwing
   583 | D:3      | Noticed Jessica
   583 | D:3      | Noticed Ijyb
   701 | D:3      | Gained mutation: Your natural rate of healing is unusually
                  | fast. [Vine Stalker growth]
   701 | D:3      | Reached XP level 4. HP: 18/24 MP: 5/5
   932 | D:4      | Reached XP level 5. HP: 29/29 MP: 6/6
   977 | D:4      | Got a fine hand axe
   978 | D:4      | Identified the +8 hand axe of Vasm {pain, rN+ Int+3} (You
                  | found it on level 4 of the Dungeon)
  1134 | D:4      | Reached skill level 1 in Axes
  1139 | D:4      | Reached XP level 6. HP: 32/34 MP: 7/7
  1446 | D:5      | Entered Level 5 of the Dungeon
  1525 | D:5      | Reached skill level 2 in Axes
  1573 | D:5      | Reached skill level 1 in Evocations
  1576 | D:5      | Reached XP level 7. HP: 36/38 MP: 7/9
  1579 | D:5      | Reached skill level 3 in Axes
  1641 | D:5      | Reached skill level 4 in Axes
  1645 | D:5      | Gained mutation: You have razor-sharp teeth. [Vine Stalker
                  | growth]
  1645 | D:5      | Reached XP level 8. HP: 6/42 MP: 11/11
  1656 | D:5      | Got a translucent shortbow
  2019 | D:6      | Reached skill level 5 in Axes
  2055 | D:6      | Reached skill level 5 in Fighting
  2432 | D:6      | Reached skill level 6 in Axes
  2603 | D:7      | Found a staircase to the Ecumenical Temple.
  2646 | Temple   | Entered the Ecumenical Temple
  2679 | Temple   | Became a worshipper of Kikubaaqudgha
  2718 | D:7      | Identified the +4 shortbow "Seghasyg" {freeze, Str+6} (You
                  | found it on level 5 of the Dungeon)
  2777 | D:7      | Reached XP level 9. HP: 48/48 MP: 13/13
  2906 | D:8      | Found a glowing silver altar of Zin.
  2906 | D:8      | Found the +3 crown of Dyrovepreva {rElec Int+2 SInv}
  2906 | D:8      | Noticed Gastronok
  2919 | D:7      | Reached skill level 7 in Axes
  2951 | D:8      | Noticed a two-headed ogre
  2989 | D:8      | Killed a two-headed ogre
  2989 | D:8      | Reached * piety under Kikubaaqudgha
  2989 | D:8      | Identified Kikubaaqudgha's Guide on Evil Rites
                  | (Kikubaaqudgha gifted it to you on level 8 of the Dungeon)
  2989 | D:8      | Received a gift from Kikubaaqudgha
  2994 | D:8      | Learned a level 2 spell: Corpse Rot
  3052 | D:8      | Reached skill level 8 in Axes
  3052 | D:8      | Reached skill level 1 in Necromancy
  3069 | D:8      | Reached XP level 10. HP: 56/56 MP: 14/14
  3235 | D:9      | Noticed Harold
  3312 | D:9      | Killed Harold
  3375 | D:8      | Noticed an unseen horror
  3378 | D:8      | Killed Gastronok
  3378 | D:8      | Reached skill level 9 in Axes
  3382 | D:8      | Killed an unseen horror
  3382 | D:8      | Reached skill level 10 in Axes
  3382 | D:8      | Reached XP level 11. HP: 60/60 MP: 15/15
  3475 | D:8      | Reached ** piety under Kikubaaqudgha
  3529 | D:8      | Learned a level 3 spell: Vampiric Draining
  3545 | D:8      | Noticed Pikel
  3569 | D:8      | Killed Pikel
  4195 | D:10     | Entered Level 10 of the Dungeon
  4284 | D:10     | Noticed a manticore
  4287 | D:10     | Reached *** piety under Kikubaaqudgha
  4287 | D:10     | Identified Kikubaaqudgha's Compendium of Dark Magic
                  | (Kikubaaqudgha gifted it to you on level 10 of the Dungeon)
  4287 | D:10     | Received a gift from Kikubaaqudgha
  4297 | D:10     | Killed a manticore
  4311 | D:10     | Learned a level 4 spell: Animate Dead
  4330 | D:10     | Noticed a deep elf mage
  4338 | D:10     | Killed a deep elf mage
  4363 | D:10     | Noticed a two-headed ogre
  4386 | D:10     | Killed a two-headed ogre
  4421 | D:10     | Identified Yzeawn Covvu's Handbook of Changing and
                  | Talismans
  4431 | D:10     | Got a faintly glowing ring mail
  4438 | D:10     | Noticed a two-headed ogre
  4449 | D:10     | Killed a two-headed ogre
  4449 | D:10     | Reached skill level 1 in Spellcasting
  4470 | D:10     | Identified the +3 ring mail of the Ecumenical Temple {Str-5
                  | Int+4 Dex+4} (You found it on level 10 of the Dungeon)
  4500 | D:10     | Reached skill level 11 in Axes
  4669 | D:10     | Noticed an unseen horror
  4695 | D:10     | Killed an unseen horror
  4695 | D:10     | Gained mutation: You heal very quickly. [Vine Stalker
                  | growth]
  4695 | D:10     | Reached XP level 12. HP: 53/65 MP: 14/16
  4702 | D:10     | Learned a level 5 spell: Agony
  4723 | D:10     | Found a staircase to the Lair.
  4751 | D:10     | Found a white marble altar of Elyvilon.
  4767 | D:10     | Found the +10 large shield of Ignorance {rN+ Int-4}
  4773 | D:10     | Found a runed translucent door.
  4810 | D:10     | Found a runed translucent door.
  5158 | D:11     | Reached **** piety under Kikubaaqudgha
  5369 | D:12     | Found a roughly hewn altar of Beogh.
  5448 | D:12     | Found a staircase to the Orcish Mines.
  5466 | Orc:1    | Entered Level 1 of the Orcish Mines
  5855 | D:13     | Noticed an eight-headed hydra
  5942 | D:13     | Noticed Erolcha
  5946 | D:13     | Killed Erolcha
  5963 | D:13     | Learned a level 5 spell: Dispel Undead
  5969 | D:13     | Found a flagged portal.
  5987 | Bailey   | Entered a bailey
  6008 | Bailey   | Reached ***** piety under Kikubaaqudgha
  6180 | Bailey   | Noticed an orc warlord
  6199 | Bailey   | Reached skill level 5 in Spellcasting
  6233 | Bailey   | Killed an orc warlord
  6337 | Bailey   | Reached skill level 10 in Necromancy
  6393 | D:13     | Found Xeuwk's Book Shoppe.
  6402 | D:13     | Bought a book of Necromancy for 330 gold pieces
  6427 | D:13     | Noticed Jorgrun
  6454 | D:13     | Killed Jorgrun
  6454 | D:13     | Reached skill level 12 in Axes
  6454 | D:13     | Reached XP level 13. HP: 46/71 MP: 20/22
  6538 | D:13     | HP: 2/71 [seven-headed hydra (7)]
  6539 | D:13     | Mangled by a seven-headed hydra

Levels and vault maps discovered:
D:1:      elethiomel_arrival_shortcut, layout_basic, minmay_tripent
D:2:      layout_rooms, serial_rivers, chequers_serial_rivers_room_a,
          chequers_serial_rivers_small_3, chequers_serial_rivers_micro_b,
          chequers_serial_rivers_small_a, uniq_crazy_yiuf_cottage
D:3:      layout_basic, ashenzari_altar_1, first_ration, uniq_jessica, uniq_ijyb
D:4:      layout_basic, lemuel_flame_loot_1
D:5:      cheibrodos_fzero, layout_cave_pools, serial_shops,
          kennysheep_little_box
D:6:      layout_gridville
D:7:      layout_cave_pools, minmay_temple_entry_overgrown, the_bakery
D:8:      minmay_tri_box, layout_rooms, basic_altar, uniq_grum, uniq_gastronok,
          uniq_pikel
D:9:      layout_small_grid, bloody_trog, uniq_harold
D:10:     minmay_the_grid_octo_tiled_octocenter [minmay_the_grid_octo_77,
          minmay_the_grid_octo_checkerflower, minmay_the_grid_octo_empty,
          minmay_the_grid_octo_checkered, minmay_the_grid_octo_prize_star,
          minmay_the_grid_square_5x5_two,
          minmay_the_grid_square_5x5_two_walls_a, minmay_the_grid_square_5x5_z,
          minmay_the_grid_square_5x5_three_walls], layout_small_grid,
          lair_entry_dummy, basic_altar, chequers_guarded_unrand_ignorance
D:11:     layout_loops_corners
D:12:     layout_roguey, david_orc_5
D:13:     layout_layer_cave, skrybe_vaults_entry_preservation, serial_shops,
          shop, shop_fountains, enter_bailey_2, minivault_7, uniq_erolcha,
          uniq_jorgrun
Temple:   kilobyte_greek_temple
Orc:1:    layout_diamond_mine, serial_shops, shop_scrolls

Skill      XL: |  1  2  3  4  5  6  7  8  9 10 11 12 |
---------------+-------------------------------------+-----
Maces & Flails | 2 3 |  3.6
Fighting       | 3 4 6 8 9 |  9.6
Throwing       | 1 |  1.0
Axes           | 1 2 4 6 8 10 11 12 | 12.0
Evocations     | 1 3 4 |  4.0
Necromancy     | 1 6 8 10 | 10.2
Armour         | 4 |  4.5
Spellcasting   | 2 5 |  5.9
Shields        | |  2.6

Action                   |  1- 3 |  4- 6 |  7- 9 | 10-12 | 13-15 || total
-------------------------+-------+-------+-------+-------+-------++-------
Melee: Flail             |    84 |    36 |       |       |       ||   120
       Bite              |    13 |    21 |    48 |   218 |     2 ||   302
       Hand axe          |       |    41 |   148 |   626 |       ||   815
       War axe           |       |       |       |       |     2 ||     2
Throw: Dart              |     1 |    13 |    25 |    55 |       ||    94
 Cast: Vampiric Draining |       |       |       |     3 |       ||     3
       Animate Dead      |       |       |       |     1 |     1 ||     2
Invok: Receive Corpses   |       |       |       |       |     1 ||     1
Evoke: Wand              |       |       |     2 |     5 |     1 ||     8
       Lamp of fire      |       |       |       |     1 |       ||     1
  Use: Potion            |     1 |       |     1 |     2 |     1 ||     5
       Scroll            |       |     4 |     6 |    11 |     1 ||    22
  Eat: Chunk             |       |     1 |     3 |    20 |       ||    24
       Ration            |       |       |     1 |       |       ||     1
Armor: Scale mail        |    34 |       |       |       |       ||    34
       Chain mail        |     2 |     7 |       |       |       ||     9
       Plate armour      |       |    34 |   116 |   112 |       ||   262
       Ring mail         |       |       |       |    90 |    20 ||   110
Dodge: Dodged            |    14 |    14 |    21 |    86 |    13 ||   148
Block: Shield            |    36 |    28 |    78 |   146 |       ||   288

Table legend:
 A = Non-vault XP
 B = Vault XP
 C = Vault XP percentage of total XP
 D = Non-vault monster count
 E = Vault monster count
 F = Vault count percentage of total count
                 A         B        C        D         E       F
            +---------+---------+-------+---------+---------+-------
      Total |   16002 |   18437 |  53.5 |     248 |     132 |  34.7
            +---------+---------+-------+---------+---------+-------
        D:1 |      18 |       3 |  14.3 |      13 |       2 |  13.3
        D:2 |      36 |       0 |   0.0 |      15 |       0 |   0.0
        D:3 |     104 |       0 |   0.0 |      14 |       0 |   0.0
        D:4 |     207 |       0 |   0.0 |      11 |       0 |   0.0
        D:5 |     471 |     553 |  54.0 |      12 |       9 |  42.9
        D:6 |     520 |       0 |   0.0 |      12 |       0 |   0.0
        D:7 |    1412 |       0 |   0.0 |      23 |       0 |   0.0
        D:8 |    3211 |    3382 |  51.3 |      32 |       5 |  13.5
        D:9 |    1728 |     992 |  36.5 |      40 |       1 |   2.4
       D:10 |    1578 |    4426 |  73.7 |      13 |      20 |  60.6
       D:11 |    1824 |       0 |   0.0 |      32 |       0 |   0.0
       D:12 |    3743 |     706 |  15.9 |      24 |      23 |  48.9
       D:13 |     717 |    4159 |  85.3 |       5 |       3 |  37.5
      Orc:1 |     433 |       0 |   0.0 |       2 |       0 |   0.0
     Bailey |       0 |    4216 | 100.0 |       0 |      69 | 100.0
            +---------+---------+-------+---------+---------+-------
